 Dungeon Sprint DCSS version 0.29-a0-1030-gf5f8719cae (webtiles) character file.

Game seed: 8696044054662635600

536 Conn the Arsonist (level 7, -17/42 HPs)
             Began as an Octopode Fire Elementalist on Aug 14, 2022.
             Engulfed by a cloud of flame (26 damage)
             ... in the Dungeon (Sprint II: "The Violet Keep of Menkaure").
             The game lasted 00:02:10 (139 turns).

Conn the Arsonist (Octopode Fire Elementalist)       Turns: 139, Time: 00:02:11

Health: -17/42     AC:  1    Str:  5    XL:     7   Next: 25%
Magic:  4/17       EV: 15    Int: 19    God:
Gold:   0          SH:  0    Dex: 13    Spells: 6/19 levels left

rFire   . . .      SeeInvis .     - Unarmed
rCold   . . .      Faith    .   (no shield)
rNeg    . . .      Spirit   .   (helmet restricted)
rPois   .          Reflect  .   (no amulet)
rElec   .          Harm     .   (no ring)
rCorr   .          Rampage  .   (no ring)
Will    .....      NoTele   +   (no ring)
Stlth   ++++......              (no ring)
HPRegen 0.14/turn               (no ring)
MPRegen 0.15/turn               (no ring)
                                (no ring)
                                (no ring)

@: no status effects
A: almost no armour, amphibious, 8 rings, camouflage 1, gelatinous body 1,
(nimble swimmer 1), tentacles, weak 1, no potion heal 1
a: no special abilities


You were in the Dungeon.
You visited 1 branch

Inventory:

Scrolls
 f - a scroll of blinking
Potions
 a - a potion of curing
 b - a potion of heal wounds
 d - 2 potions of magic


   Skills:
 + Level 0.4 Fighting
 + Level 5.6 Dodging
 + Level 7.0 Stealth
 + Level 1.9 Unarmed Combat
 + Level 6.6 Spellcasting
 + Level 2.3 Conjurations
 + Level 11.4 Fire Magic


You had 6 spell levels left.
You knew the following spells:

 Your Spells              Type           Power      Damage    Failure   Level
a - Foxfire               Conj/Fire      100%       2x1d9     1%          1
b - Conjure Flame         Conj/Fire      32%        6-21      1%          3
c - Inner Flame           Hex/Fire       28%        N/A       3%          3
d - Flame Wave            Conj/Fire      32%        2d9       6%          4
e - Scorch                Fire           98%        2d9       1%          2

Your spell library contained the following spells:

 Spells                   Type           Power      Damage    Failure   Level


Dungeon Overview and Level Annotations

Branches:
Dungeon (1/1)

Altars:


Innate Abilities, Weirdness & Mutations

You cannot wear most types of armour.
You are amphibious.
You can wear up to eight rings at the same time.
Your skin changes colour to match your surroundings (Stealth+).
Your rubbery body absorbs attacks. (AC +1, EV +1)
((You are camouflaged when in or above water. (Stealth+)))
You have tentacles for arms and can constrict up to eight enemies at once.
You are weak. (Str -2)
Potions are less effective at restoring your health.


Message History

The wyvern is severely wounded.
The foxfire hits the wyvern!
The wyvern is almost dead.
Unknown command.
Casting: Foxfire (safe; 1% risk of failure)
Confirm with . or Enter, or press ? or * to list all spells.
You conjure some foxfire!
Unknown command.
The foxfire hits the wyvern.
You kill the wyvern!
Your Stealth skill increases to level 7!
Your Conjurations skill increases to level 2!
Your Fire Magic skill increases to level 11!
You have reached level 7!
Unknown command.
Unknown command.
Your foxfire dissipates!
You close the door, pushing everything out of the way.
You see here a wyvern corpse.
There is a staircase leading out of the dungeon here.
There is an open door here.
There is a staircase leading out of the dungeon here.
You open the door. 4 necrophages come into view.
You close the door.
There is a staircase leading out of the dungeon here.
There is a staircase leading out of the dungeon here.
There is an open door here.
You open the door.
There is an open door here.
Unknown command.
You are engulfed in blazing flames.
The lava snake spits lava at you. The glob of lava hits you!!
* * * LOW HITPOINT WARNING * * *
The lava snake hisses angrily. x2
Unknown command.
You are engulfed in blazing flames.
Ouch! That really hurt!
You die...

#+# .#
####.##.#
#.+.<†+#
#.w.##.##.#
##w ##'# l# #
##.#### #
#.##..# ~ #
##○.☼# ~~~
#~~##@##~~~§§
#~°☼○°°~~~~≈
#§○°#°○'#~§≈
#§≈S≈○○○#
#○≈§≈SS°≈≈#
°°°○○≈≈○≈○≈S+
°##○☼≈≈≈○≈°≈##
##≈§≈≈○§°##
####'####


You could see 4 lava snakes.

Vanquished Creatures
  A wyvern (D)
  3 neqoxecs (D)
  A water moccasin (D)
5 creatures vanquished.

Vanquished Creatures (others)
  A neqoxec (D)
  12 foxfires (D)
13 creatures vanquished.

Grand Total: 18 creatures vanquished

Notes
Turn   | Place    | Note
-------+----------+-------------------------------------------
     0 | D        | Conn the Octopode Fire Elementalist began the quest for the
                  | Orb.
     0 | D        | Reached XP level 1. HP: 11/11 MP: 3/3
     4 | D        | Noticed a neqoxec
    10 | D        | Noticed a neqoxec
    11 | D        | Killed a neqoxec
    12 | D        | Reached skill level 7 in Fire Magic
    12 | D        | Reached XP level 2. HP: 18/18 MP: 4/7
    12 | D        | Reached XP level 3. HP: 22/22 MP: 4/8
    12 | D        | Reached XP level 4. HP: 27/27 MP: 5/10
    12 | D        | Reached XP level 5. HP: 32/32 MP: 5/11
    13 | D        | Gained mutation: You are weak. (Str -2) [a neqoxec]
    19 | D        | Gained mutation: Potions are less effective at restoring
                  | your health. [a neqoxec]
    20 | D        | Killed a neqoxec
    21 | D        | Reached skill level 5 in Stealth
    21 | D        | Reached skill level 1 in Unarmed Combat
    21 | D        | Reached skill level 5 in Spellcasting
    21 | D        | Reached skill level 9 in Fire Magic
    21 | D        | Reached XP level 6. HP: 37/37 MP: 5/13
    43 | D        | Learned a level 2 spell: Scorch
    47 | D        | Learned a level 3 spell: Conjure Flame
    51 | D        | Learned a level 3 spell: Inner Flame
    56 | D        | Learned a level 4 spell: Flame Wave
    65 | D        | Killed a neqoxec
    75 | D        | Noticed a neqoxec
    76 | D        | Noticed a water moccasin
    77 | D        | Killed a neqoxec
    78 | D        | Reached skill level 5 in Dodging
    78 | D        | Reached skill level 10 in Fire Magic
    79 | D        | Killed a water moccasin
    90 | D        | Noticed a wyvern
    90 | D        | Noticed a wyvern
   112 | D        | Killed a wyvern
   113 | D        | Reached skill level 11 in Fire Magic
   113 | D        | Reached XP level 7. HP: 42/42 MP: 0/17
   139 | D        | Engulfed by a cloud of flame

Illustrated notes

Levels and vault maps discovered:
D:        the_violet_keep_of_menkaure [sprint2_stairs_cluster_1,
          sprint2_shoproom, sprint2_temple, sprint2_basic_supplies,
          sprint2_obstacle_5, sprint2_obstacle_3, sprint2_obstacle_6,
          sprint2_obstacle_2, sprint2_obstacle_1, sprint2_timed_cluster_1,
          sprint2_smallroom_cluster_1, sprint2_smallroom_final_cluster_1,
          sprint2_transparent_cluster_1, sprint2_second_timed_cluster_1,
          sprint2_sniper_area_1, sprint2_heavy_combat_area_1,
          sprint2_mutation_trap_area_1, sprint2_forest_area_1,
          sprint2_light_combat_area_1, sprint2_behind_water_1,
          sprint2_near_end_vault_1]

Skill      XL: |  1  2  3  4  5  6 |
---------------+-------------------+-----
Dodging        | 3 4 5 |  5.6
Stealth        | 4 5 7 |  7.0
Spellcasting   | 4 5 6 |  6.6
Fire Magic     | 7 9 11 | 11.4
Unarmed Combat | 1 |  1.9
Conjurations   | 2 |  2.3
Fighting       | |  0.4

Action                   |  1- 3 |  4- 6 |  7- 9 || total
-------------------------+-------+-------+-------++-------
Melee: Unarmed           |     4 |     6 |       ||    10
       Tentacles         |     2 |     1 |       ||     3
       Constrict         |     1 |     1 |       ||     2
       Punch             |     1 |       |       ||     1
 Cast: Foxfire           |       |     6 |       ||     6
       Conjure Flame     |       |     1 |       ||     1
       Scorch            |       |     1 |       ||     1
       Flame Wave        |       |     1 |       ||     1
  Use: Potion            |     2 |       |       ||     2
Dodge: Dodged            |     1 |     2 |       ||     3

Table legend: (Time is in decaauts)
 A = Elapsed time spent in this place.
 B = Non-inter-level travel time spent in this place.
 C = Inter-level travel time spent in this place.
 D = Time resting spent in this place.
 E = Time spent auto-exploring this place.
 F = Levels seen in this place.
 G = Mean time per level.
                   A        B        C        D        E       F      G
               +--------+--------+--------+--------+--------+-----+--------+
         Total |    128 |    128 |      0 |     15 |      0 |   1 |  128.0 |
       Dungeon |    128 |    128 |      0 |     15 |      0 |   1 |  128.0 |
               +--------+--------+--------+--------+--------+-----+--------+

Top non-repeatable levels by time:
       D: 128 daAuts
